 Dungeon Crawl Stone Soup version 0.30-a0-702-gdf48620a09 (webtiles) character file.

Game seed: 4044241919393331319

59 ASSMAN the Covert (level 3, 0/22 HPs)
             Began as a Vampire Delver on Jan 22, 2023.
             Slain by a hound (3 damage)
             ... on level 4 of the Dungeon.
             The game lasted 00:01:15 (216 turns).

ASSMAN the Covert (Vampire Delver)                   Turns: 216, Time: 00:01:16

Health: 0/22       AC:  3    Str: 13    XL:     3   Next: 78%
Magic:  3/3        EV: 12    Int: 12    God:
Gold:   32         SH:  0    Dex: 15    Spells: 2/2 levels left

rFire   . . .      SeeInvis +      - Unarmed
rCold   + + .      Faith    .    (no shield)
rNeg    + + +      Spirit   .    a - +0 leather armour
rPois   ∞          Reflect  .    (no helmet)
rElec   .          Harm     .    (no cloak)
rCorr   .          Rampage  .    (no gloves)
Will    .....                    (no boots)
Stlth   ++++++                   (no amulet)
HPRegen 0.00/turn                (no ring)
MPRegen 0.08/turn                (no ring)

@: bloodless, inhibited regen, hasted, very quick
A: bloodless, fangs 3, see invisible, vampiric 2
a: Bat Form, Revivify


You were on level 4 of the Dungeon.
You visited 1 branch of the dungeon, and saw 2 of its levels.

You collected 32 gold pieces.

Inventory:

Armour
 a - a +0 leather armour (worn)
Wands
 f - a wand of digging (3)
Scrolls
 b - a scroll of fog
 c - a scroll of magic mapping
 d - a scroll of fear
 g - 3 scrolls of noise {unknown}
 h - a scroll of poison {unknown}


   Skills:
 - Level 2.6 Fighting
 - Level 2.1 Dodging
 + Level 8.4 Stealth
 + Level 3.6 Unarmed Combat


You had 2 spell levels left.
You didn't know any spells.
Your spell library was empty.

Dungeon Overview and Level Annotations

Branches:
Dungeon (5/15)
 Temple: D:4-7

Altars:


Innate Abilities, Weirdness & Mutations

You do not regenerate when monsters are visible.
You are frail without blood (-20% HP).
You can heal yourself when you bite living creatures.
You are immune to poison.
You have razor-sharp teeth.
You have supernaturally acute eyesight. (SInv)
You are afflicted with vampirism and can become a bat while bloodless.


Message History

The howler monkey hits you.
You hear a bark!
You hear a shout! x2
You closely miss the howler monkey.
The howler monkey is moderately wounded.
The howler monkey hits you.
You hit the howler monkey.
The howler monkey is severely wounded.
The howler monkey hits you!
* * * LOW HITPOINT WARNING * * *
You are too injured to fight recklessly!
You are too injured to fight recklessly!
You hit the howler monkey but do no damage.
The howler monkey is severely wounded.
The howler monkey hoots and howls with incredible vigour!
You hit the howler monkey.
You kill the howler monkey!
Your Stealth skill increases to level 8!
You have reached level 3!
Your experience leads to an increase in your attributes!
Increase (S)trength, (I)ntelligence, or (D)exterity?
You feel stronger. x2
You can now turn into a vampire bat when bloodless.
You start resting.
A phantom comes into view.
A hound comes into view.
A kobold comes into view. It is wielding a +0 whip.
You closely miss the kobold. Your bite misses the kobold.
The kobold hits you with a +0 whip.
* * * LOW HITPOINT WARNING * * *
You hit the kobold but do no damage. You punch the kobold.
The kobold is severely wounded.
The kobold closely misses you.
You completely miss the kobold.
The kobold is severely wounded.
The hound bites you but does no damage. The kobold hits you but does no damage.
You hit the kobold.
You kill the kobold!
The hound bites you but does no damage. x2
You feel yourself speed up. The hound bites you.
You die...

.. ## # .####.### ...
#.. #.......#
......##...##..####
...##.....###)#..## #
#.#.......###.....#
.##.#..#..†..#.....##
.#.....#.......#).##
......###.##.###@[#
......#.....####hW##
#.......##....###..#
......#..##....#..##
.##...#.........).###
.##.........#.......#
..#.........W.......#
......#.....h#......#
.#....#..........#..#


You could see a phantom and a hound.

Vanquished Creatures
  A howler monkey (D:4)
  2 gnolls (D:4)
  An endoplasm (D:4)
  A hobgoblin (D:4)
  A kobold (D:4)
  A ball python (D:4)
7 creatures vanquished.

Notes
Turn   | Place    | Note
-------+----------+-------------------------------------------
     0 | D:5      | ASSMAN the Vampire Delver began the quest for the Orb.
     0 | D:5      | Reached XP level 1. HP: 17/17 MP: 1/1
    26 | D:5      | Noticed a water moccasin
    63 | D:4      | Noticed a howler monkey
    86 | D:4      | Reached XP level 2. HP: 8/23 MP: 2/2
   198 | D:4      | Killed a howler monkey
   199 | D:4      | Reached skill level 8 in Stealth
   199 | D:4      | Gained mutation: You are afflicted with vampirism and can
                  | become a bat while bloodless. [Vampire growth]
   199 | D:4      | Reached XP level 3. HP: 6/22 MP: 3/3
   202 | D:4      | Noticed a phantom
   216 | D:4      | Slain by a hound

Illustrated notes

Levels and vault maps discovered:
D:4:      layout_cave_pools, gammafunk_temple_overflow_statue,
          kennysheep_potato, uniq_grinder
D:5:      layout_cave_pods

Skill      XL: |  1  2 |
---------------+-------+-----
Unarmed Combat | 3 |  3.6
Stealth        | 8 |  8.4
Fighting       | |  2.6
Dodging        | |  2.1

Action                   || total
-------------------------++-------
Melee: Unarmed           ||    33
       Punch             ||     4
       Bite              ||     1
 Abil: Exsanguinate      ||     1
  Use: Potion            ||     1
 Stab: Sleeping          ||     1
Armor: Leather armour    ||     7
Dodge: Dodged            ||    20

Table legend: (Time is in decaauts)
 A = Elapsed time spent in this place.
 B = Non-inter-level travel time spent in this place.
 C = Inter-level travel time spent in this place.
 D = Time resting spent in this place.
 E = Time spent auto-exploring this place.
 F = Levels seen in this place.
 G = Mean time per level.
                   A        B        C        D        E       F      G
               +--------+--------+--------+--------+--------+-----+--------+
         Total |    214 |    214 |      0 |     34 |     80 |   2 |  107.0 |
       Dungeon |    214 |    214 |      0 |     34 |     80 |   2 |  107.0 |
               +--------+--------+--------+--------+--------+-----+--------+

Top non-repeatable levels by time:
     D:4: 155 daAuts
     D:5: 59 daAuts
